 Dungeon Crawl Stone Soup version 0.29.1-12-g30fa7ad0bf (webtiles) character file.

Game seed: 13291837977781961523

1421 wormed the Cudgeller (level 8, -4/67 HPs)
             Began as a Gnoll Chaos Knight on Dec 20, 2022.
             Was a Plaything of Xom.
             Slain by a gnoll
             ... wielding a +0 whip
             ... led by a gnoll sergeant
              (5 damage)
             ... on level 5 of the Dungeon.
             The game lasted 00:15:40 (4716 turns).

wormed the Cudgeller (Gnoll Chaos Knight)           Turns: 4716, Time: 00:15:42

Health: -4/67      AC:  9    Str: 14    XL:     8   Next: 72%
Magic:  13/13      EV: 12    Int: 12    God:    Xom [....*.]
Gold:   235        SH:  0    Dex: 11    Spells: 14/14 levels left

rFire   + + .      SeeInvis .   e - +2 whip (flame)
rCold   . . .      Faith    .   (no shield)
rNeg    . . .      Spirit   .   F - +3 leather armour {rF+}
rPois   .          Reflect  .   D - +0 helmet
rElec   .          Harm     .   (no cloak)
rCorr   .          Rampage  .   (no gloves)
Will    .....                   q - +0 pair of boots
Stlth   ++........              (no amulet)
HPRegen 0.21/turn               v - ring of protection from fire
MPRegen 0.13/turn               (no ring)

@: lethally poisoned (-4 -> -12), cleaving
A: fangs 1, strong nose, distributed training, mutation resistance 1
a: Renounce Religion


You were on level 5 of the Dungeon.
You worshipped Xom.
You were a beloved toy of Xom.
You visited 1 branch of the dungeon, and saw 5 of its levels.

You collected 257 gold pieces.
You spent 22 gold pieces at shops.

Inventory:

Hand Weapons
 e - a +2 whip of flaming (weapon)
 t - a +1 vorpal hand axe
 w - the +3 rapier "Adaczeqy" {freeze, rElec rC+ Int+3}
   (You found it on level 3 of the Dungeon)

   It freezes those it strikes, dealing additional cold damage.
   It can also slow down cold-blooded creatures.
   Int:       It affects your intelligence (+3).
   rC:        It protects you from cold.
   rElec:     It insulates you from electricity.
Missiles
 j - 3 throwing nets
Armour
 q - a +0 pair of boots (worn)
 D - a +0 helmet (worn)
 F - a +3 leather armour of fire resistance (worn)
Magical Staves
 B - a staff of conjuration
Jewellery
 v - a ring of protection from fire (left hand)
 y - a ring of ice
Wands
 d - a wand of polymorph (13)
 p - a wand of mindburst (3)
 s - a wand of flame (10)
Scrolls
 b - a scroll of magic mapping {unknown}
 g - 2 scrolls of summoning {unknown}
 h - 3 scrolls of poison {unknown}
 m - a scroll of enchant weapon {unknown}
 u - 4 scrolls of teleportation {unknown}
 x - a scroll of noise {unknown}
 z - a scroll of butterflies {unknown}
Potions
 a - a potion of attraction
 f - 3 potions of curing
 i - a potion of ambrosia {unknown}
 l - a potion of magic
 n - a potion of brilliance
 o - 2 potions of degeneration {unknown}
 r - a potion of lignification {unknown}
 A - a potion of mutation {unknown}
 C - a potion of heal wounds {unknown}
Miscellaneous
 c - a piece from Xom's chessboard (15/15) (quivered)


   Skills:
 + Level 7.5 Fighting
 + Level 3.6 Short Blades
 + Level 3.6 Long Blades
 + Level 3.6 Axes
 + Level 7.5 Maces & Flails
 + Level 3.6 Polearms
 + Level 3.6 Staves
 + Level 3.6 Ranged Weapons
 + Level 3.6 Throwing
 + Level 5.9 Armour
 + Level 4.5 Dodging
 + Level 3.6 Stealth
 + Level 3.6 Shields
 + Level 3.6 Unarmed Combat
 + Level 3.6 Spellcasting
 + Level 3.0 Conjurations
 + Level 3.0 Hexes
 + Level 3.0 Summonings
 + Level 3.0 Necromancy
 + Level 3.0 Translocations
 + Level 3.0 Transmutations
 + Level 3.0 Fire Magic
 + Level 3.0 Ice Magic
 + Level 3.0 Air Magic
 + Level 3.0 Earth Magic
 + Level 3.0 Poison Magic
 + Level 4.0 Invocations
 + Level 3.6 Evocations


You had 14 spell levels left.
You didn't know any spells.
Your spell library contained the following spells:

 Spells                   Type           Power      Damage    Failure   Level
 Conjure Flame            Conj/Fire      9%         6-21      24%         3
 Ignite Poison            Fire/Tmut/Pois 9%         N/A       24%         3
 Portal Projectile        Hex/Tloc       18%        N/A       24%         3
 Tukima's Dance           Hex            9%         N/A       24%         3
 Sticky Flame             Conj/Fire      9%         2d3       63%         4
 Blade Hands              Tmut           4%         N/A       92%         5


Dungeon Overview and Level Annotations

Branches:
Dungeon (5/15)
 Temple: D:4-7

Altars:
Dithmenos
Okawaru
Uskayaw
Vehumet

Shops:
D:4 ?


Innate Abilities, Weirdness & Mutations

You have very sharp teeth.
Your uncanny sense of smell can sniff out nearby items.
Your experience applies equally to all skills.
You are somewhat resistant to further mutation.


Message History

You feel very sick. The gnoll barely misses you.
Things that are here:
a +0 whip; a scroll labelled CONIVA ZUOTE You feel sick.
The gnoll sergeant hits you but does no damage.
You feel sick. Xom grants you a minor favour.
Your +2 whip of flaming looks sharp.
You feel sick. The gnoll sergeant barely misses you.
You feel sick. The gnoll sergeant barely misses you.
The gnoll hits you from afar with a +0 spear of venom.
* * * LOW HITPOINT WARNING * * *
You are lethally poisoned!
You feel better.
The gnoll sergeant hits you from afar with a +0 spear.
* * * LOW HITPOINT WARNING * * *
The gnoll hits you but does no damage.
You are poisoned.
You feel better.
The gnoll sergeant hits you from afar with a +0 spear!
* * * LOW HITPOINT WARNING * * *
The gnoll hits you but does no damage.
You are poisoned.
The gnoll throws a stone.
The stone hits you but does no damage.
You feel sick.
The gnoll hits you from afar with a +0 spear of venom.
* * * LOW HITPOINT WARNING * * *
You are more poisoned.
You hit the gnoll. You burn the gnoll.
The gnoll is lightly wounded.
* * * LOW HITPOINT WARNING * * *
You feel sick.
You hit the gnoll. You burn the gnoll.
The gnoll is moderately wounded.
* * * LOW HITPOINT WARNING * * *
You feel sick. The gnoll sergeant closely misses you. The gnoll misses you.
The gnoll hits you with a +0 whip.
You die...
Xom giggles madly!

.# ###........ #[.# .#
#........ #..# .#
#.......# #..# ##
#.......# #..# #......○#
#..#### ####g####
#...... #..§gg..#
##.#####
#....g..#########..#####
#.....g@).##............
#########..#.###.#######
##.#.# #.#.....# #>..#
#........
###.#####...###.#
#...##...<......#
#.####.##....####
#.#............#
#####.#.##.##....#.#


You could see a gnoll sergeant and 4 gnolls.

Vanquished Creatures
  Pikel (D:5)
  Grinder (D:3)
  Eustachio (D:5)
  An ogre (D:5)
  A lemure (D:5)
  A necrophage (D:4)
  A jelly (D:5)
  3 orc wizards
  Jessica (D:3)
  Ijyb (D:5)
  Natasha (twice) (D:3)
  6 adders
  3 gnolls
  2 white imps
  An ufetubus (D:4)
  3 worms
  2 dart slugs
  13 orcs
  9 bats
  10 endoplasms
  5 giant cockroaches
  3 hobgoblins
  A jackal (D:4)
  6 kobolds
  4 quokkas
  2 ball pythons
  6 goblins
  6 rats
  A spectral hobgoblin (D:1)
97 creatures vanquished.

Vanquished Creatures (collateral kills)
  A wight (D:4)
  A goblin (D:4)
  A jackal (D:4)
3 creatures vanquished.

Grand Total: 100 creatures vanquished

Notes
Turn   | Place    | Note
-------+----------+-------------------------------------------
     0 | D:1      | wormed the Gnoll Chaos Knight began the quest for the Orb.
     0 | D:1      | Reached XP level 1. HP: 23/23 MP: 1/1
   157 | D:1      | XOM: silly message
   172 | D:1      | Reached XP level 2. HP: 29/29 MP: 2/2
   277 | D:1      | XOM: silly message
   354 | D:1      | XOM: noise
   360 | D:1      | XOM: noise
   471 | D:1      | XOM: divination: detect items
   637 | D:1      | XOM: noise
   707 | D:1      | XOM: divination: detect creatures
   838 | D:1      | XOM: noise
   859 | D:1      | Found a faded altar of an unknown god.
   868 | D:1      | Reached XP level 3. HP: 35/35 MP: 3/3
  1065 | D:2      | XOM: silly message
  1182 | D:2      | Reached skill level 1 in Invocations
  1472 | D:2      | XOM: silly message
  1520 | D:2      | Reached skill level 1 in Short Blades
  1520 | D:2      | Reached skill level 1 in Long Blades
  1520 | D:2      | Reached skill level 1 in Axes
  1520 | D:2      | Reached skill level 1 in Polearms
  1520 | D:2      | Reached skill level 1 in Staves
  1520 | D:2      | Reached skill level 1 in Ranged Weapons
  1520 | D:2      | Reached skill level 1 in Throwing
  1520 | D:2      | Reached skill level 1 in Stealth
  1520 | D:2      | Reached skill level 1 in Shields
  1520 | D:2      | Reached skill level 1 in Unarmed Combat
  1520 | D:2      | Reached skill level 1 in Spellcasting
  1520 | D:2      | Reached skill level 1 in Evocations
  1659 | D:2      | XOM: potion effect (berserk rage)
  1665 | D:2      | Reached XP level 4. HP: 41/41 MP: 5/5
  1809 | D:2      | XOM: divination: detect creatures
  1930 | D:3      | Noticed Jessica
  1946 | D:3      | Killed Jessica
  1947 | D:3      | Reached skill level 1 in Conjurations
  1947 | D:3      | Reached skill level 1 in Hexes
  1947 | D:3      | Reached skill level 1 in Summonings
  1947 | D:3      | Reached skill level 1 in Necromancy
  1947 | D:3      | Reached skill level 1 in Translocations
  1947 | D:3      | Reached skill level 1 in Transmutations
  1947 | D:3      | Reached skill level 1 in Fire Magic
  1947 | D:3      | Reached skill level 1 in Ice Magic
  1947 | D:3      | Reached skill level 1 in Air Magic
  1947 | D:3      | Reached skill level 1 in Earth Magic
  1947 | D:3      | Reached skill level 1 in Poison Magic
  2056 | D:3      | Reached XP level 5. HP: 47/47 MP: 5/7
  2143 | D:3      | Noticed Grinder
  2154 | D:3      | XOM: 3-stop teleportation journey
  2190 | D:3      | XOM: potion effect (might)
  2209 | D:3      | XOM: noise
  2212 | D:3      | Killed Grinder
  2213 | D:3      | Reached skill level 5 in Armour
  2213 | D:3      | Reached XP level 6. HP: 50/53 MP: 7/9
  2241 | D:3      | XOM: 2-stop teleportation journey
  2285 | D:3      | Identified the +3 rapier "Adaczeqy" {freeze, rElec rC+
                  | Int+3}
  2339 | D:3      | Found a shadowy altar of Dithmenos.
  2469 | D:3      | Noticed Natasha
  2471 | D:3      | Killed Natasha
  2608 | D:3      | Noticed Natasha
  2616 | D:3      | Killed Natasha
  2617 | D:3      | Reached XP level 7. HP: 56/59 MP: 10/10
  2959 | D:4      | XOM: 1-stop teleportation journey
  3126 | D:4      | Found Lyraawunal's Magic Scroll Emporium.
  3133 | D:4      | Bought a scroll of identify for 22 gold pieces
  3207 | D:4      | XOM: god gift: Everburning Encyclopedia
  3246 | D:4      | Found an iron altar of Okawaru.
  3248 | D:4      | Found a hide-covered altar of Uskayaw.
  3249 | D:4      | Found a radiant altar of Vehumet.
  3255 | D:4      | Found a transporter.
  3268 | D:4      | Found a transporter.
  3425 | D:4      | XOM: silly message
  3502 | D:4      | XOM: divination: magic mapping
  3530 | D:4      | XOM: god gift: plate armour {god gift}
  3617 | D:5      | Entered Level 5 of the Dungeon
  3617 | D:5      | Noticed Ijyb
  3619 | D:5      | XOM: cast spell 'Leda's Liquefaction'
  3620 | D:5      | XOM: confuse monster(s)
  3634 | D:5      | Killed Ijyb
  3804 | D:5      | Noticed Pikel
  3813 | D:5      | XOM: cleaving
  3842 | D:5      | XOM: confuse monster(s)
  3842 | D:5      | Killed Pikel
  3843 | D:5      | Reached XP level 8. HP: 6/67 MP: 10/12
  4482 | D:5      | Noticed Eustachio
  4483 | D:5      | XOM: confuse monster(s)
  4514 | D:5      | Killed Eustachio
  4558 | D:5      | Noticed Sigmund
  4558 | D:5      | XOM: 1-stop teleportation journey
  4570 | D:5      | XOM: potion effect (berserk rage)
  4571 | D:5      | XOM: cast spell 'Dispersal'
  4572 | D:5      | Noticed Sigmund
  4572 | D:5      | Sigmund changed into Sigmund the adder
  4572 | D:5      | XOM: polymorph Sigmund -> Sigmund the adder
  4577 | D:5      | Killed Sigmund the adder
  4696 | D:5      | XOM: give mutation
  4696 | D:5      | Gained mutation: You are somewhat resistant to further
                  | mutation. [Xom's grace]
  4706 | D:5      | XOM: smoke on damage
  4709 | D:5      | XOM: cleaving
  4715 | D:5      | HP: 3/67 [poisoned by a gnoll]
  4716 | D:5      | HP: 1/67 [poisoned by a gnoll]
  4716 | D:5      | Slain by a gnoll

Illustrated notes

Levels and vault maps discovered:
D:1:      dpeg_arrival_tiny_f, layout_loops_corners,
          dreamdust_ecumenical_altar_drowned_temple,
          corexii_item_surrounded_by_moat, palyth_stone_intersect
D:2:      minmay_general_purpose_star, layout_basic, nrook_campfire,
          minmay_tromino_v4_a
D:3:      layout_basic, grunt_dithmenos_smoke_and_mirrors,
          kennysheep_generic_room_15, uniq_natasha, uniq_grinder, uniq_jessica
D:4:      layout_basic, gammafunk_temple_overflow_arena, serial_shops, shop
D:5:      layout_basic, uniq_ijyb, uniq_eustachio, uniq_sigmund, uniq_pikel

Skill      XL: |  1  2  3  4  5  6  7  8 |
---------------+-------------------------+-----
Invocations    | 1 2 3 4 |  4.0
Short Blades   | 1 2 3 |  3.6
Long Blades    | 1 2 3 |  3.6
Axes           | 1 2 3 |  3.6
Polearms       | 1 2 3 |  3.6
Staves         | 1 2 3 |  3.6
Ranged Weapons | 1 2 3 |  3.6
Throwing       | 1 2 3 |  3.6
Stealth        | 1 2 3 |  3.6
Shields        | 1 2 3 |  3.6
Unarmed Combat | 1 2 3 |  3.6
Spellcasting   | 1 2 3 |  3.6
Evocations     | 1 2 3 |  3.6
Conjurations   | 1 2 3 |  3.0
Hexes          | 1 2 3 |  3.0
Summonings     | 1 2 3 |  3.0
Necromancy     | 1 2 3 |  3.0
Translocations | 1 2 3 |  3.0
Transmutations | 1 2 3 |  3.0
Fire Magic     | 1 2 3 |  3.0
Ice Magic      | 1 2 3 |  3.0
Air Magic      | 1 2 3 |  3.0
Earth Magic    | 1 2 3 |  3.0
Poison Magic   | 1 2 3 |  3.0
Dodging        | 3 4 |  4.5
Armour         | 5 |  5.9
Fighting       | 7 |  7.5
Maces & Flails | 7 |  7.5

Action                   |  1- 3 |  4- 6 |  7- 9 || total
-------------------------+-------+-------+-------++-------
Melee: Mace              |    82 |     4 |       ||    86
       Bite              |     8 |     6 |    20 ||    34
       Punch             |     1 |     1 |     2 ||     4
       Whip              |       |    50 |    65 ||   115
       Rapier            |       |    30 |    94 ||   124
       Hand axe          |       |     7 |       ||     7
  Use: Scroll            |       |       |     5 ||     5
       Potion            |       |       |     3 ||     3
 Stab: Distracted        |       |     1 |       ||     1
       Sleeping          |       |     1 |       ||     1
       Confused          |       |       |     8 ||     8
Armor: Leather armour    |     4 |       |     9 ||    13
       Ring mail         |    22 |    28 |    36 ||    86
Dodge: Dodged            |    48 |    44 |    78 ||   170
